 Dungeon Crawl Stone Soup version 0.23.2-40-g277498a001 (webtiles) character file.

Game seed: 17720820762884215888

446 Exodus22XD the Cutter (level 6, -1/46 HPs)
             Began as a Demonspawn Gladiator on Aug 23, 2019.
             Killed from afar by an orc wizard (6 damage)
             ... with a puff of frost
             ... on level 5 of the Dungeon.
             The game lasted 00:12:13 (3264 turns).

Exodus22XD the Cutter (Demonspawn Gladiator)        Turns: 3264, Time: 00:12:14

Health: -1/46      AC:  4    Str: 17    XL:     6   Next: 73%
Magic:  0/6        EV: 13    Int:  9    God:
Gold:   191        SH:  0    Dex: 14    Spells: 5/5 levels left

rFire    . . .     SeeInvis .   j - +1 short sword (drain)
rCold    . . .     Gourm    .   (no shield)
rNeg     + . .     Faith    .   b - +0 leather armour
rPois    .         Spirit   +   c - +0 helmet
rElec    .         Reflect  .   (no cloak)
rCorr    .         Harm     .   (no gloves)
MR       .....                  (no boots)
Stlth    +.........             (no amulet)
HPRegen  0.15/turn              k - ring of positive energy
MPRegen  0.10/turn              (no ring)

@: no status effects
A: hooves 2, powered by pain 1, magic shield
a: no special abilities


You were on level 5 of the Dungeon.
You were not hungry.

You visited 1 branch of the dungeon, and saw 6 of its levels.

You collected 191 gold pieces.

Inventory:

Hand Weapons
 a - a +0 trident
 j - a +1 short sword of draining (weapon)
Missiles
 d - 3 throwing nets (quivered)
Armour
 b - a +0 leather armour (worn)
 c - a +0 helmet (worn)
 x - a +0 chain mail
Magical Staves
 g - an uncursed staff of fire
Jewellery
 k - a ring of positive energy (left hand)
Scrolls
 n - a scroll of amnesia {unknown}
 o - a scroll of enchant weapon {unknown}
 p - 2 scrolls of remove curse
 t - a scroll of fog {unknown}
 v - a scroll of blinking {unknown}
Potions
 e - a potion of brilliance
 l - a potion of lignification {unknown}
 m - a potion of agility {unknown}
 q - a potion of haste {unknown}
 r - 2 potions of mutation
 s - 2 potions of flight {unknown}
 u - a potion of magic {unknown}
 w - a potion of might {unknown}
Comestibles
 f - 8 rations
 i - 2 chunks of flesh


   Skills:
 + Level 2.8 Fighting
 * Level 4.6 Short Blades
 - Level 3.0 Polearms
 - Level 2.0 Throwing
 + Level 2.1 Armour
 + Level 3.6 Dodging


You had 5 spell levels left.
You didn't know any spells.
Your spell library was empty.

Dungeon Overview and Level Annotations

Branches:
Dungeon (6/15)
 Temple: D:4-7

Altars:
Okawaru
Qazlal

Shops:
D:4 *


Innate Abilities, Weirdness & Mutations

You have hoof-like feet.
You sometimes gain a little power by taking damage.
When hurt, damage is shared between your health and your magic reserves.


Message History

You feel strangely unstable. Something hits you.
Your surroundings seem slightly different.
As you read the scroll of teleportation, it crumbles to dust.
You feel strangely unstable. Something barely misses you.
Your surroundings seem slightly different.
A magic dart appears from out of thin air!
The magic dart hits you.
* * * LOW HITPOINT WARNING * * *
As you read the scroll of teleportation, it crumbles to dust.
You feel strangely unstable. The orc misses you.
Something hits you but does no damage. The orc closely misses you.
Your surroundings seem slightly different.
A magic dart appears from out of thin air!
The magic dart hits you!
* * * LOW HITPOINT WARNING * * *
A puff of frost appears from out of thin air!
The puff of frost hits you!
You die...

#..........#†.......
#..........#........
#......o...#........
+........o..[$......
#..........#........
+..........#........
#..........##....#.^
#..........##....# .
#..........@+......
#..........##.......
#..........# .......
####..###### ##.##
.. #..# ...
#..######...
###........#+#
#............#


You could see 2 orcs.

Vanquished Creatures
  An ogre (D:5)
  A jelly (D:3)
  2 hounds (D:5)
  A gnoll shaman (D:4)
  2 worker ants (D:4)
  A hound zombie (D:5)
  3 gnolls (D:4)
  5 adders
  A shadow imp (D:3)
  2 worms (D:3)
  4 dart slugs
  4 leopard geckos
  7 orcs
  A ball python (D:3)
  12 bats
  3 giant cockroaches
  4 goblins
  9 hobgoblins
  8 kobolds
  2 quokkas
  3 frilled lizards
  A leopard gecko skeleton (D:4)
  11 rats
88 creatures vanquished.

Notes
Turn   | Place    | Note
-------+----------+-------------------------------------------
     0 | D:1      | Exodus22XD the Demonspawn Gladiator began the quest for the
                  | Orb.
     0 | D:1      | Reached XP level 1. HP: 16/16 MP: 1/1
     1 | D:1      | Found a stormy altar of Qazlal.
   151 | D:1      | Gained mutation: When hurt, damage is shared between your
                  | health and your magic reserves. [demonic ancestry]
   151 | D:1      | Reached XP level 2. HP: 20/22 MP: 2/2
   725 | D:2      | Gained mutation: You sometimes gain a little power by
                  | taking damage. [demonic ancestry]
   725 | D:2      | Reached XP level 3. HP: 27/27 MP: 3/3
   859 | D:2      | Reached skill level 1 in Short Blades
  1194 | D:3      | Gained mutation: You have large cloven feet. [demonic
                  | ancestry]
  1194 | D:3      | Reached XP level 4. HP: 33/33 MP: 4/4
  1237 | D:3      | Reached skill level 2 in Short Blades
  1737 | D:3      | Reached skill level 1 in Armour
  2112 | D:4      | Reached skill level 3 in Short Blades
  2112 | D:4      | Gained mutation: You have hoof-like feet. [demonic
                  | ancestry]
  2112 | D:4      | Reached XP level 5. HP: 20/39 MP: 1/5
  2637 | D:4      | You fall through a shaft for 2 floors!
  2638 | D:6      | Noticed an ogre
  2644 | D:5      | Entered Level 5 of the Dungeon
  2651 | D:5      | Killed an ogre
  2651 | D:5      | Reached XP level 6. HP: 32/46 MP: 3/6
  2740 | D:4      | Reached skill level 4 in Short Blades
  2746 | D:4      | Found an iron altar of Okawaru.
  2812 | D:4      | Found Pyumits's Assorted Antiques.
  3264 | D:5      | Killed from afar by an orc wizard

Skill      XL: |  1  2  3  4  5  6 |
---------------+-------------------+-----
Dodging        | 3 |  3.6
Polearms       | 3 |  3.0
Throwing       | 2 |  2.0
Short Blades   | 1 3 4 |  4.6
Armour         | 1 2 |  2.1
Fighting       | |  2.8

Action                   |  1- 3 |  4- 6 || total
-------------------------+-------+-------++-------
Melee: Trident           |    35 |       ||    35
       Short sword       |    87 |   141 ||   228
       Kick              |       |    44 ||    44
  Use: Scroll            |       |     7 ||     7
  Eat: Chunk             |     1 |     7 ||     8
Armor: Leather armour    |    41 |    21 ||    62
Dodge: Dodged            |    88 |    94 ||   182
